Map: Blackpink LE

Players

Scarlett - Winner!

  • Race: Zerg Zerg
  • League: Diamond
  • Spawn Location: 1:00

aLive

  • Race: Terran Terran
  • Spawn Location: 7:00

Event: HomeStory Cup XVI

VOD

Have the link to the VOD?

Description

Time

  • Played on: Nov. 10, 2017, 3:13 p.m.
  • Length: 25:43

All games in this series

Show
View Real Time Build Order
Export as new Build Order

Scarlett Zerg - Winner!

Build Orders: Hatch First, Brood Lord Corruptor, Muta Ling Bane 

Get SALT Encoding   

  12  0:00  Drone  
  13  0:12  Overlord  
  13  0:17  Drone  
  14  0:31  Drone x2  
  14  0:34  Drone  
  17  0:51  Hatchery  
  17  0:54  Drone  
  17  0:57  Drone  
  17  1:03  Extractor  
  17  1:12  Spawning Pool  
  17  1:16  Drone  
  17  1:19  Drone  
  18  1:28  Drone  
  19  1:38  Overlord  
  19  1:50  Drone  
  20  1:59  Queen  
  22  2:01  Zergling x2  
  22  2:03  Queen  
  22  2:04  Metabolic Boost  
  22  2:06  Zergling x2  
  26  2:11  Drone  
  26  2:14  Drone  
  28  2:33  Drone x2  
  30  2:37  Extractor  
  30  2:39  Queen  
  32  2:53  Extractor, Drone  
  32  2:54  Overlord, Drone x2  
  32  2:55  Drone  
  32  2:57  Drone  
  36  3:11  Hatchery  
  36  3:14  Overlord, Drone  
  36  3:15  Drone x3  
  36  3:18  Overlord  
  40  3:32  Queen  
  40  3:33  Drone x2  
  45  3:41  Drone x2  
  45  3:46  Drone x2  
  45  3:47  Queen  
  50  3:49  Zergling x2  
  50  3:55  Overlord, Drone  
  52  4:11  Queen  
  52  4:12  Evolution Chamber x2  
  52  4:15  Zergling x2  
  52  4:16  Zergling x10  
  58  4:21  Zergling x4  
  58  4:22  Overlord  
  60  4:25  Queen  
  60  4:26  Zergling x2  
  62  4:41  Drone x4  
  58  4:48  Drone x4  
  58  4:51  Zerg Ground Armor Level 1, Zerg Melee Weapons Level 1  
  58  4:59  Zergling x2  
  60  5:00  Zergling x4  
  60  5:01  Lair  
  60  5:02  Drone x2  
  62  5:09  Spore Crawler, Drone  
  62  5:11  Drone x2  
  62  5:12  Extractor  
  62  5:13  Extractor  
  62  5:21  Drone x4  
  65  5:28  Overlord  
  66  5:33  Spore Crawler  
  66  5:35  Spore Crawler  
  64  5:39  Overlord, Drone x2  
  66  5:48  Drone  
  66  5:49  Drone x6  
  72  5:52  Extractor, Drone x3  
  72  6:01  Overlord, Drone x4  
  72  6:04  Drone x5  
  77  6:09  Spire  
  77  6:10  Baneling Nest, Overseer  
  79  6:12  Overlord  
  79  6:13  Drone  
  80  6:23  Extractor  
  80  6:24  Extractor, Drone  
  80  6:25  Drone x5  
  84  6:39  Spore Crawler, Hatchery  
  80  6:42  Drone x3  
  80  6:43  Drone x3  
  85  6:47  Zerg Melee Weapons Level 2  
  85  6:49  Drone x3  
  85  6:53  Zerg Ground Armor Level 2  
  88  7:06  Overlord x2  
  88  7:07  Zergling x14  
  95  7:21  Centrifical Hooks  
  95  7:22  Zerg Flyer Weapons Level 1, Mutalisk  
  96  7:31  Drone x3  
  96  7:33  Pneumatized Carapace, Mutalisk  
  101  7:37  Drone x10  
  101  7:40  Extractor  
  101  7:42  Extractor  
  101  7:43  Hatchery  
  108  7:46  Mutalisk, Overseer  
  108  7:50  Zergling x4  
  112  7:52  Baneling x4  
  112  7:53  Baneling x3, Zergling x2  
  112  7:54  Zergling x6  
  112  7:56  Baneling x2  
  116  8:01  Mutalisk  
  116  8:02  Zergling x8  
  111  8:12  Mutalisk  
  97  8:21  Mutalisk  
  97  8:22  Zergling x18  
  94  8:27  Zergling x4  
  94  8:28  Zergling x6  
  94  8:32  Queen x2  
  98  8:34  Hydralisk Den  
  98  8:38  Zergling x10  
  97  8:45  Queen  
  90  9:01  Drone x3  
  90  9:02  Drone x3  
  94  9:03  Drone x4  
  94  9:05  Drone x2  
  94  9:07  Infestation Pit, Muscular Augments  
  99  9:10  Hydralisk x2  
  99  9:16  Hydralisk  
  103  9:17  Hydralisk x2  
  103  9:20  Zerg Missile Weapons Level 1  
  109  9:28  Hydralisk x2  
  109  9:29  Queen  
  114  9:34  Hydralisk x2  
  114  9:35  Overlord  
  114  9:36  Overlord x4  
  118  9:44  Hive  
  118  9:45  Hydralisk x2  
  122  9:49  Overlord x2  
  122  9:50  Overlord  
  122  9:57  Drone  
  122  9:58  Hydralisk  
  125  10:00  Hydralisk  
  127  10:07  Hydralisk x3  
  127  10:10  Baneling, Hatchery  
  127  10:11  Baneling x7  
  129  10:16  Hydralisk x3  
  116  10:38  Drone  
  116  10:39  Drone x8  
  116  10:42  Spore Crawler  
  123  10:55  Hydralisk x12  
  147  11:00  Zerg Melee Weapons Level 3  
  147  11:08  Viper  
  150  11:15  Spine Crawler  
  150  11:17  Zerg Missile Weapons Level 2  
  149  11:19  Overlord  
  149  11:20  Overlord  
  149  11:24  Zergling x2  
  150  11:30  Viper x2  
  156  11:39  Viper  
  156  11:40  Extractor  
  156  11:42  Extractor  
  157  11:51  Drone x3  
  157  11:53  Spine Crawler x2, Drone x3  
  159  11:57  Viper  
  162  12:02  Greater Spire  
  167  12:25  Zergling x22  
  170  12:30  Hydralisk x11  
  170  12:31  Hydralisk x4  
  200  12:43  Baneling  
  200  12:44  Baneling x12  
  150  13:17  Hatchery  
  150  13:18  Corruptor x3  
  150  13:19  Corruptor x5  
  148  13:21  Drone  
  148  13:22  Drone x2  
  148  13:26  Zergling x6  
  154  13:40  Zerg Flyer Weapons Level 2  
  154  13:52  Brood Lord x2  
  154  13:53  Brood Lord x2  
  154  13:54  Drone  
  154  13:55  Drone x2  
  165  13:57  Spine Crawler  
  165  13:59  Brood Lord  
  166  14:03  Corruptor  
  166  14:06  Zergling x6  
  171  14:20  Corruptor x3  
  177  14:24  Brood Lord  
  179  14:37  Hatchery  
  180  14:38  Brood Lord  
  180  14:50  Drone x3  
  181  14:55  Corruptor  
  184  15:05  Drone x4  
  184  15:06  Drone  
  184  15:07  Drone x4  
  187  15:16  Spore Crawler  
  186  15:25  Baneling  
  186  15:26  Baneling x11  
  186  15:28  Corruptor  
  186  15:29  Corruptor x3  
  194  15:35  Corruptor  
  196  15:49  Corruptor x3  
  195  16:08  Hatchery  
  191  16:13  Pathogen Glands  
  191  16:15  Zerg Flyer Armor Level 1  
  191  16:19  Viper x2  
  191  16:23  Hatchery  
  196  16:29  Overlord x2  
  196  16:40  Spine Crawler  
  196  16:43  Overlord  
  196  16:45  Zerg Missile Weapons Level 3, Zerg Ground Armor Level 3  
  196  16:57  Infestor x2  
  199  17:05  Extractor  
  199  17:06  Infestor  
  199  17:07  Extractor  
  199  17:16  Spore Crawler  
  199  17:17  Brood Lord  
  199  17:18  Spore Crawler  
  199  17:19  Spore Crawler  
  155  17:46  Queen  
  154  17:54  Corruptor x8  
  162  17:59  Burrow  
  162  18:01  Drone x3  
  159  18:08  Infestor  
  159  18:09  Zerg Flyer Weapons Level 3  
  159  18:12  Corruptor x4  
  161  18:13  Corruptor x3  
  175  18:25  Neural Parasite  
  175  18:40  Spore Crawler  
  174  18:41  Zergling x4  
  174  18:42  Zergling x16  
  182  18:50  Spine Crawler x2  
  177  19:05  Infestor x2  
  197  19:17  Brood Lord x8  
  197  19:25  Spore Crawler, Viper  
  199  19:45  Spine Crawler  
  198  19:50  Spore Crawler x2  
  198  19:51  Spore Crawler  
  195  19:54  Hatchery  
  182  20:16  Extractor  
  182  20:17  Extractor  
  182  20:21  Zergling x16  
  181  20:27  Corruptor  
  181  20:28  Corruptor x5  
  199  20:45  Zerg Flyer Armor Level 2  
  199  20:47  Corruptor  
  199  20:48  Corruptor x2  
  166  21:17  Corruptor  
  166  21:18  Corruptor x9  
  156  21:21  Brood Lord  
  170  21:44  Hydralisk x8  
  182  22:13  Viper x3  
  184  22:29  Spore Crawler  
  183  22:43  Spore Crawler  
  176  22:44  Spine Crawler  
  176  22:45  Spine Crawler  
  176  22:49  Corruptor x6  
  186  23:03  Drone x3  
  186  23:04  Drone  
  190  23:06  Spore Crawler  
  189  23:20  Spore Crawler  
  189  23:24  Brood Lord  
  189  23:25  Brood Lord x2  
  194  23:29  Zergling x2  
  194  23:30  Zergling x10  
  179  24:19  Spine Crawler  
  179  24:21  Spore Crawler  
  179  24:22  Drone x2  
  179  24:23  Spine Crawler, Drone  
  179  24:24  Spine Crawler  
  179  24:25  Spore Crawler  
  177  24:35  Spine Crawler  
  176  24:46  Zergling x26  
  188  24:56  Infestor x5  
  190  25:04  Corruptor x6  
Show
View Real Time Build Order
Export as new Build Order

aLive Terran 

Build Orders: Gas First Reaper Expand, Reaper Expand, Hellion Banshee, Mech 

Get SALT Encoding   

  12  0:00  SCV  
  13  0:12  SCV  
  14  0:17  Supply Depot  
  14  0:25  SCV  
  15  0:29  Refinery  
  15  0:38  SCV  
  16  0:44  Barracks  
  16  0:51  SCV  
  17  1:03  SCV  
  18  1:15  SCV  
  19  1:30  Orbital Command  
  19  1:31  Reaper  
  20  1:42  Command Center  
  20  1:54  Factory  
  20  1:58  SCV  
  21  2:06  Refinery, Barracks Reactor  
  21  2:10  SCV  
  22  2:17  Supply Depot  
  22  2:22  SCV  
  23  2:38  SCV  
  23  2:42  Marine x2  
  23  2:43  Hellion  
  28  2:46  Starport  
  28  2:50  SCV  
  29  2:57  Orbital Command  
  29  3:03  SCV  
  30  3:17  Hellion x2, Marine  
  35  3:22  Medivac  
  39  3:30  Armory  
  37  3:36  Marine  
  37  3:40  Hellion x2  
  42  3:43  Supply Depot  
  42  3:45  SCV  
  42  3:47  SCV  
  44  3:57  Starport Tech Lab  
  44  4:02  Hellion  
  45  4:05  Hellion  
  45  4:06  Supply Depot  
  45  4:09  SCV x2  
  49  4:14  Cloaking Field  
  49  4:17  Banshee  
  52  4:28  Hellion x2  
  52  4:29  SCV x2  
  58  4:43  SCV x2  
  52  4:50  Command Center  
  46  4:58  SCV x2  
  48  5:02  Refinery x2, Terran Vehicle Weapons Level 1  
  47  5:07  Banshee  
  47  5:10  SCV x2  
  52  5:16  Hellbat  
  52  5:17  Hellbat  
  53  5:22  SCV x2  
  49  5:33  Armory  
  49  5:38  Hellbat  
  49  5:40  Factory, Hellbat  
  49  5:41  SCV  
  49  5:42  Factory  
  54  5:45  SCV  
  55  5:56  SCV  
  55  5:57  SCV  
  57  6:00  Barracks Tech Lab  
  57  6:04  Orbital Command  
  57  6:06  Starport Reactor  
  57  6:08  Hellbat x2  
  57  6:09  Supply Depot  
  61  6:13  SCV x2  
  63  6:22  Terran Vehicle And Ship Armor Level 1  
  63  6:27  Supply Depot  
  63  6:28  SCV x2  
  63  6:31  Hellbat x2  
  69  6:42  Thor x2  
  69  6:46  Orbital Command  
  81  6:48  Medivac x2  
  81  6:53  Supply Depot  
  85  6:58  Supply Depot, SCV x2  
  85  7:00  Supply Depot  
  87  7:03  Hellbat x2  
  87  7:07  Hellion x10  
  91  7:10  SCV x2  
  91  7:14  SCV  
  91  7:23  Terran Vehicle Weapons Level 2  
  91  7:26  Refinery  
  91  7:27  Factory  
  91  7:28  Refinery  
  91  7:31  Factory, SCV x3  
  91  7:36  Hellion x2  
  100  7:37  Hellion  
  102  7:44  Infernal Pre-Igniter  
  102  7:49  SCV x3  
  105  8:00  Thor  
  109  8:18  Factory Tech Lab  
  109  8:19  SCV x2, Factory Reactor  
  106  8:20  SCV  
  106  8:23  Supply Depot  
  106  8:24  Supply Depot  
  106  8:25  Terran Vehicle And Ship Armor Level 2  
  98  8:27  Hellion x2  
  98  8:28  Siege Tank  
  98  8:31  SCV  
  98  8:32  SCV x2  
  104  8:43  Siege Tank  
  104  8:44  Supply Depot, SCV x3  
  108  8:51  Hellion x2  
  108  8:52  Hellbat x2  
  106  8:56  Thor, Hellbat  
  106  8:58  Medivac x2  
  115  9:02  Hellbat  
  112  9:10  Supply Depot  
  112  9:14  Supply Depot  
  112  9:16  Command Center  
  112  9:19  Hellbat x3  
  112  9:21  Thor  
  124  9:30  Thor, Hellbat  
  132  9:39  Siege Tank  
  135  9:50  Viking x2  
  135  9:51  SCV x3  
  142  9:54  Supply Depot x2  
  142  9:56  Supply Depot  
  142  9:59  Supply Depot, Hellbat x3  
  150  10:00  Hellbat  
  150  10:04  Siege Tank  
  153  10:17  Siege Tank x2  
  153  10:20  Medivac x2  
  133  10:36  Siege Tank  
  133  10:40  Hellbat x4  
  138  10:45  Terran Vehicle And Ship Armor Level 3, Terran Vehicle Weapons Level 3  
  138  10:48  Refinery  
  138  10:49  Refinery  
  138  10:54  Command Center  
  138  10:55  Command Center  
  138  10:56  Engineering Bay, Siege Tank  
  149  11:04  Hellbat x4  
  149  11:06  Medivac x2  
  153  11:12  SCV x3  
  153  11:17  Siege Tank x2  
  162  11:28  Planetary Fortress  
  162  11:31  Hellbat x4  
  170  11:38  Command Center  
  170  11:39  Siege Tank  
  173  11:40  Viking x2  
  177  11:53  Siege Tank x2  
  177  11:54  Hellbat x4  
  185  12:09  Orbital Command x2  
  185  12:11  Siege Tank  
  185  12:13  Viking  
  185  12:14  Viking  
  190  12:19  Hellion x4  
  198  12:23  Factory  
  198  12:27  Factory  
  196  12:40  Siege Tank  
  190  13:01  Liberator x2  
  168  13:07  Hellion x4, Hellbat  
  168  13:08  Hellbat x3  
  148  13:16  Factory Tech Lab, Factory Reactor  
  148  13:17  Siege Tank x3  
  134  13:24  Planetary Fortress  
  132  13:29  Hellbat  
  132  13:30  Hellbat x3  
  132  13:34  Refinery  
  140  13:40  Building Armor  
  138  13:49  Siege Tank x3  
  138  13:51  Sensor Tower  
  147  13:58  Missile Turret  
  147  13:59  Missile Turret  
  147  14:00  Hellbat x6  
  147  14:01  Viking x2, Siege Tank  
  160  14:18  Starport  
  160  14:20  Starport  
  160  14:21  Siege Tank x3  
  160  14:22  Refinery  
  169  14:28  Fusion Core  
  171  14:31  Viking x2, Hellbat x6  
  171  14:36  Command Center  
  185  14:40  Missile Turret  
  185  14:42  Missile Turret x2  
  191  14:57  Starport Tech Lab  
  191  14:58  Starport Reactor  
  191  14:59  Thor x2  
  185  15:02  Viking  
  199  15:09  Terran Ship Weapons Level 1  
  187  15:42  Viking  
  181  15:43  Thor, Viking x4  
  181  15:44  Thor  
  182  16:01  Thor x2  
  173  16:12  Hellbat  
  173  16:13  Hellbat x5  
  173  16:17  Viking x3  
  188  16:18  Viking  
  188  16:24  Viking  
  188  16:25  Planetary Fortress  
  192  16:30  Siege Tank x2  
  195  16:44  Refinery x2  
  199  16:48  Advanced Ballistics  
  199  16:52  Command Center  
  199  16:54  Factory x2  
  199  16:57  Viking x2  
  199  17:06  Terran Ship Weapons Level 2  
  198  17:32  Viking x5  
  172  17:40  Siege Tank  
  172  17:41  Siege Tank x2  
  126  17:55  Hellion  
  126  17:56  Hellion x4, Hellbat  
  126  18:02  Viking x2  
  124  18:06  Hellion x6  
  124  18:10  Thor  
  124  18:12  Thor, Viking x3  
  140  18:13  Siege Tank x2  
  140  18:17  Hellion x4, Hellbat x2  
  158  18:20  Command Center  
  158  18:32  Viking  
  160  18:44  Viking x3  
  160  18:45  Viking, Siege Tank x2  
  170  18:52  Hellion x2, Hellbat x2  
  170  18:53  Siege Tank  
  170  18:54  Hellion x2  
  181  18:58  Hellion x6  
  181  19:00  Hellion x6  
  181  19:09  Hellbat x2  
  183  19:15  Siege Tank  
  180  19:17  Siege Tank x2  
  186  19:25  Siege Tank  
  186  19:28  Viking x5  
  199  19:35  Sensor Tower  
  199  19:37  Missile Turret  
  199  19:42  Missile Turret  
  199  19:43  Missile Turret x2  
  189  20:02  Missile Turret  
  189  20:05  Viking x5  
  193  20:14  Siege Tank  
  193  20:15  Siege Tank  
  199  20:23  Terran Ship Weapons Level 3  
  177  21:01  Liberator x2  
  138  21:14  Siege Tank x4  
  138  21:16  Hellion x5  
  138  21:17  Hellion, Hellbat  
  138  21:18  Viking x2  
  124  21:35  Missile Turret  
  124  21:37  Hellion x6  
  118  21:41  Hellbat x7  
  118  21:42  Viking, Hellbat  
  118  21:45  Refinery  
  118  21:46  Siege Tank x3  
  138  21:47  Refinery  
  138  21:48  Viking x2  
  141  22:01  Viking  
  132  22:13  Viking  
  132  22:14  Viking  
  133  22:18  Viking x2  
  124  22:26  Siege Tank x3  
  124  22:28  Siege Tank  
  134  22:30  Viking  
  136  22:40  Orbital Command  
  136  22:43  Viking  
  140  22:44  Hellbat x8  
  140  22:50  Viking x3  
  194  22:58  Orbital Command  
  160  23:00  Viking  
  159  23:13  Viking  
  161  23:22  Refinery x2  
  161  23:24  Hellbat  
  161  23:25  Siege Tank x4, Hellbat x7  
  181  24:02  Siege Tank x2  
  178  24:03  Viking x4  
  178  24:05  Viking  
  178  24:06  Hellbat x3  
  185  24:17  Siege Tank  
  188  24:42  Viking  
  190  24:46  Viking  
  190  24:51  Command Center  
Tags
 
Add a new tag
Caveats
  • Supply blocks, unpowered buildings, or Contaminate may cause inaccurate times.
  • Supply counts are checked every 10 seconds.